 Dungeon Crawl Stone Soup version 0.27.1-34-g3ba077fa99 (webtiles) character file.

Game seed: 17800455873781809502

2460 LLlMATKO the Chopper (level 9, -15/80 HPs)
             Began as a Minotaur Berserker on Jan 19, 2022.
             Was an Elder of Trog.
             Demolished by a boulder beetle (43 damage)
             ... on level 7 of the Dungeon.
             The game lasted 00:10:17 (9010 turns).

LLlMATKO the Chopper (Minotaur Berserker)           Turns: 9010, Time: 00:10:18

Health: -15/80     AC: 11    Str: 28    XL:     9   Next: 26%
Magic:  8/8        EV: 13    Int:  4    God:    Trog [****..]
Gold:   268        SH:  0    Dex: 13    Spells: 8/8 levels left

rFire    + . .     SeeInvis .   w - +0 battleaxe
rCold    . . .     Faith    .   (shield currently unavailable)
rNeg     . . .     Spirit   .   E - +0 ring mail {rF+}
rPois    +         Reflect  .   (helmet restricted)
rElec    .         Harm     .   J - +0 cloak
rCorr    .         Rampage  .   (no gloves)
Will     .....                  b - +2 pair of boots
Stlth    +.........             (no amulet)
HPRegen  0.23/turn              u - +6 ring of strength
MPRegen  0.11/turn              z - ring of poison resistance

@: on berserk cooldown, slowed, very slow
A: horns 2, retaliatory headbutt
a: Renounce Religion, Berserk, Trog's Hand, Brothers in Arms


You were on level 7 of the Dungeon.
You worshipped Trog.
Trog was greatly pleased with you.
You visited 1 branch of the dungeon, and saw 7 of its levels.

You collected 268 gold pieces.

Inventory:

Hand Weapons
 q - a +0 hand crossbow
 w - a +0 battleaxe (weapon)
 C - a +0 hand axe
Missiles
 h - 35 bolts
 B - a curare-tipped dart (quivered)
Armour
 b - a +2 pair of boots (worn)
 E - a +0 ring mail of fire resistance (worn)
 J - a +0 cloak (worn)
Jewellery
 n - a ring of resist corrosion
 u - a +6 ring of strength (left hand)
 y - a ring of willpower
 z - a ring of poison resistance (right hand)
Wands
 s - a wand of mindburst (2)
 G - a wand of flame (3)
Scrolls
 c - 5 scrolls of identify {unknown}
 d - a scroll of enchant armour {unknown}
 e - 2 scrolls of teleportation {unknown}
 i - a scroll of enchant weapon {unknown}
 j - 3 scrolls of torment {unknown}
 k - a scroll of blinking {unknown}
 o - 3 scrolls of magic mapping {unknown}
 p - 4 scrolls of amnesia {unknown}
 r - 4 scrolls of immolation {unknown}
 t - a scroll of silence {unknown}
 A - a scroll of fog {unknown}
 D - a scroll of vulnerability {unknown}
 F - a scroll of acquirement {unknown}
Potions
 a - 5 potions of degeneration {unknown}
 f - 3 potions of flight {unknown}
 g - 2 potions of brilliance {unknown}
 l - a potion of berserk rage {unknown}
 m - 2 potions of cancellation {unknown}
 v - a potion of mutation {unknown}
 x - a potion of curing
 H - a potion of lignification {unknown}
 I - a potion of ambrosia {unknown}


   Skills:
 + Level 7.7 Fighting
 + Level 7.7 Axes
 + Level 5.6 Crossbows
 + Level 7.1 Armour
 + Level 6.5 Dodging


You had 8 spell levels left.
You didn't know any spells.
Your spell library was empty.

Dungeon Overview and Level Annotations

Branches:
Dungeon (7/15)             Temple (0/1) D:5

Altars:
Cheibriados
Trog
Wu Jian

Shops:
D:3 *

Annotations:
D:3 2 transporters


Innate Abilities, Weirdness & Mutations

You have a pair of horns on your head.
You reflexively headbutt those who attack you in melee.


Message History

The boulder beetle leaps!
Aiming: Throw Flame
Press: ? - help, Shift-Dir - straight line, f/p - boulder beetle
Aim: a boulder beetle (almost dead, 100% to hit)
The puff of flame hits the boulder beetle but does no damage.
The boulder beetle is almost dead.
Aiming: Throw Flame
Press: ? - help, Shift-Dir - straight line, f/p - boulder beetle
Aim: a boulder beetle (almost dead, 100% to hit)
The puff of flame hits the boulder beetle but does no damage.
The boulder beetle is almost dead.
Aiming: Throw Flame
Press: ? - help, Shift-Dir - straight line, f/p - boulder beetle
Aim: a boulder beetle (almost dead, 100% to hit)
The puff of flame hits the boulder beetle.
The boulder beetle is almost dead.
Aiming: Throw Flame
Press: ? - help, Shift-Dir - straight line, f/p - boulder beetle
Aim: a boulder beetle (almost dead, 100% to hit)
The puff of flame hits the boulder beetle but does no damage.
The boulder beetle is almost dead.
You hit the boulder beetle but do no damage.
The boulder beetle is almost dead.
The boulder beetle leaps!
The boulder beetle curls into a ball and begins rolling!
There's nothing to close nearby.
Unknown command.
Aiming: Throw Flame
Press: ? - help, Shift-Dir - straight line, f/p - boulder beetle
Aim: a boulder beetle (almost dead, rolling, 100% to hit)
The puff of flame hits the boulder beetle but does no damage.
The boulder beetle is almost dead.
Aiming: Throw Flame
Press: ? - help, Shift-Dir - straight line, f/p - boulder beetle
Aim: a boulder beetle (almost dead, rolling, 100% to hit)
The puff of flame hits the boulder beetle.
The boulder beetle is almost dead.
The boulder beetle hits you!!!
Ouch! That really hurt!
You die...

......##..#####....#......
......##..##.##..##..#.#.#
#.....##.....##..#....
###.###°..#.###..#.#.# ..
##.# #°.#####...#...)
....##..###○####..........
........##○..........)...#
......#..B..........)...##
....####.@...............#
.... ##..##.......#.#....
... ##...##.......#.###..
... #....##....##...## ..
....###..###..<..###..##..
......#..##........#.##...
........###...............
.......## #......#........
....... #.......#..<.....


You could see a boulder beetle (rolling).

Vanquished Creatures
  A water moccasin (D:7)
  Edmund (D:5)
  A black bear (D:6)
  2 ice beasts (D:5)
  2 ogres
  2 necrophages
  3 sky beasts
  A centaur (D:6)
  A phantom (D:5)
  A kobold brigand (D:5)
  A wyvern zombie (D:7)
  2 scorpions (D:6)
  4 wights (D:6)
  A howler monkey (D:4)
  5 hounds
  2 jellies
  2 gnoll shamans
  A bullfrog skeleton (D:6)
  Jessica (D:2)
  Ijyb (D:4)
  7 iguanas
  10 gnolls
  2 howler monkey skeletons
  3 adders
  A shadow imp (D:5)
  An ufetubus (D:5)
  9 orcs
  2 ball pythons (D:2)
  4 bats
  7 endoplasms
  2 giant cockroaches
  7 goblins
  7 hobgoblins
  8 jackals
  4 quokkas
  5 frilled lizards
  9 kobolds
  2 rats
125 creatures vanquished.

Notes
Turn   | Place    | Note
-------+----------+-------------------------------------------
     0 | D:1      | LLlMATKO the Minotaur Berserker began the quest for the
                  | Orb.
     0 | D:1      | Reached XP level 1. HP: 19/19 MP: 0/0
   241 | D:1      | Reached XP level 2. HP: 27/27 MP: 1/1
   528 | D:1      | Found a faded altar of an unknown god.
   695 | D:1      | Reached ** piety under Trog
   895 | D:2      | Noticed Jessica
   901 | D:2      | Killed Jessica
   902 | D:2      | Reached XP level 3. HP: 33/33 MP: 2/2
  1046 | D:2      | Reached XP level 4. HP: 5/41 MP: 3/3
  2088 | D:3      | Found a transporter.
  2157 | D:3      | Noticed a kobold demonologist
  2243 | D:3      | Found Musepiy's General Store.
  2413 | D:3      | Reached skill level 1 in Crossbows
  2504 | D:3      | Reached XP level 5. HP: 46/47 MP: 4/4
  2887 | D:3      | Found a transporter.
  3108 | D:4      | Noticed Ijyb
  3120 | D:4      | Killed Ijyb
  3199 | D:4      | Noticed a necrophage
  3207 | D:4      | Killed a necrophage
  3208 | D:4      | Reached XP level 6. HP: 55/55 MP: 5/5
  3221 | D:4      | Found a snail-covered altar of Cheibriados.
  3225 | D:4      | Found a bloodstained altar of Trog.
  3337 | D:4      | Reached skill level 5 in Fighting
  3337 | D:4      | Reached skill level 5 in Axes
  3646 | D:4      | Reached *** piety under Trog
  3875 | D:4      | Found an ornate altar of the Wu Jian Council.
  4120 | D:4      | Found a bloodstained altar of Trog.
  4129 | D:4      | Found a snail-covered altar of Cheibriados.
  4165 | D:4      | Found an ornate altar of the Wu Jian Council.
  4400 | D:5      | Entered Level 5 of the Dungeon
  4417 | D:5      | Reached XP level 7. HP: 61/61 MP: 6/6
  4585 | D:5      | Noticed Edmund
  4595 | D:5      | Killed Edmund
  4596 | D:5      | Reached skill level 5 in Armour
  4753 | D:5      | Found a staircase to the Ecumenical Temple.
  4980 | D:5      | Reached skill level 5 in Dodging
  5350 | D:5      | Reached XP level 8. HP: 55/70 MP: 7/7
  6675 | D:5      | Found a staircase to the Ecumenical Temple.
  7884 | D:6      | Reached skill level 5 in Crossbows
  7971 | D:6      | Reached XP level 9. HP: 67/79 MP: 8/8
  7978 | D:6      | Reached **** piety under Trog
  8975 | D:7      | Noticed a boulder beetle
  9010 | D:7      | Demolished by a boulder beetle

Illustrated notes

Levels and vault maps discovered:
D:1:      onia_arrival_pentagram, layout_loops_ring,
          hellmonk_ecumenical_altar_slurped_away, minivault_23,
          skrybe_limestone_x
D:2:      layout_rooms, minmay_fractal_squares_5, uniq_jessica
D:3:      gammafunk_wand_slinger, layout_basic, serial_shops, shop
D:4:      layout_cave_pools, pdpol_wu_jian_five_deadly_venoms,
          grunt_temple_overflow_open, uniq_ijyb
D:5:      layout_basic, minmay_temple_entry_crystal_x, uniq_edmund
D:6:      layout_basic
D:7:      layout_cave_pools, nicolae_qazlal_scattered_showers, serial_glass,
          glass_columns_c, glass_columns_c, grunt_ministairs_6, uniq_harold

Skill      XL: |  1  2  3  4  5  6  7  8  9 |
---------------+----------------------------+-----
Fighting       | 4 5 6 7 |  7.7
Axes           | 4 5 6 7 |  7.7
Armour         | 3 4 5 6 7 |  7.1
Dodging        | 3 4 5 6 |  6.5
Crossbows      | 1 2 3 5 |  5.6

Action                   |  1- 3 |  4- 6 |  7- 9 || total
-------------------------+-------+-------+-------++-------
Melee: Hand axe          |    60 |    52 |    23 ||   135
       Headbutt          |    10 |    15 |    20 ||    45
       Battleaxe         |       |       |    65 ||    65
 Fire: Hand crossbow     |     2 |    75 |   105 ||   182
Invok: Berserk           |     2 |     4 |     4 ||    10
Evoke: Wand              |       |       |    15 ||    15
Armor: Animal skin       |    12 |     7 |     3 ||    22
       Ring mail         |       |       |    38 ||    38
Dodge: Dodged            |    39 |    41 |    72 ||   152
